 Dungeon Crawl Stone Soup version 0.21-a0-426-g98080a9 (webtiles) character file.

79 theanonym the Magician (level 4, 0/30 HPs)
             Began as a Mummy Ice Elementalist on Nov 6, 2017.
             Slain by a gnoll
             ... wielding a +0 halberd
              (8 damage)
             ... on level 3 of the Dungeon.
             The game lasted 00:05:52 (3411 turns).

theanonym the Magician (Mummy Ice Elementalist)     Turns: 3411, Time: 00:05:53

Health: 0/30       AC:  2    Str: 11    XL:     4   Next: 16%
Magic:  5/9        EV: 12    Int: 15    God:
Gold:   105        SH:  0    Dex: 12    Spells: 0/10 levels left

rFire    x . .     SeeInvis .   i - +0 short sword
rCold    + . .     Gourm    .   (no shield)
rNeg     + + +     Faith    .   a - +0 robe
rPois    ∞         Spirit   .   (no helmet)
rElec    .         Reflect  .   (no cloak)
rCorr    .         Harm     .   (no gloves)
MR       .....                  (no boots)
Stlth    ++........             (no amulet)
HPRegen  0.10/turn              (no ring)
MPRegen  0.11/turn              (no ring)

@: very slightly contaminated
A: no food or potions, fire vulnerability, cold resistance 1, negative energy
resistance 3, torment resistance, unbreathing
a: no special abilities


Innate Abilities, Weirdness & Mutations

You do not eat or drink.
Your flesh is vulnerable to fire.
You are immune to poison.
Your flesh is cold resistant. (rC+)
You are immune to negative energy. (rN+++)
You are immune to unholy pain and torment.
You can survive without breathing.


   Skills:
 - Level 1.5 Dodging
 - Level 1.5 Stealth
 - Level 0.2 Shields
 + Level 3.9 Spellcasting
 + Level 1.6 Conjurations
 + Level 0.0 Summonings
 * Level 3.1 Ice Magic


You couldn't memorise any spells.
You knew the following spells:

 Your Spells              Type           Power        Failure   Level  Hunger
a - Freeze                Ice            ##..         4%          1    N/A
b - Throw Frost           Conj/Ice       ##....       10%         2    N/A
c - Summon Ice Beast      Ice/Summ       #.......     67%         4    N/A
g - Ozocubu's Armour      Chrm/Ice       #.......     28%         3    N/A

Skill      XL: |  1  2  3 |
---------------+----------+-----
Spellcasting   | 3 |  3.9
Conjurations   | 1 |  1.6
Ice Magic      | 3 |  3.1
Dodging        | |  1.5
Stealth        | |  1.5
Shields        | |  0.2

Action                   |  1- 3 |  4- 6 || total
-------------------------+-------+-------++-------
Melee: Unarmed           |     4 |       ||     4
       Short sword       |    10 |       ||    10
 Cast: Freeze            |    78 |     8 ||    86
       Ozocubu's Armour  |     2 |       ||     2
       Throw Frost       |     1 |     4 ||     5
  Use: Scroll            |     2 |       ||     2
Armor: Robe              |    21 |       ||    21
Dodge: Dodged            |    57 |     3 ||    60

Inventory:

Hand Weapons
 i - a +0 short sword (weapon)
   (You found it on level 1 of the Dungeon)
 n - a +0 dagger
   (You found it on level 3 of the Dungeon)
Armour
 a - a +0 robe (worn)
 j - a +0 buckler of protection
   (You found it on level 2 of the Dungeon)
Jewellery
 k - an uncursed ring of ice
   (You found it on level 2 of the Dungeon)
Scrolls
 c - a scroll of magic mapping {unknown}
 d - 3 scrolls of teleportation {!r}
 e - 2 scrolls of remove curse {unknown}
 f - a scroll of amnesia {unknown}
 g - a scroll of recharging {unknown}
 h - a scroll of enchant weapon {unknown}
 l - a scroll of blinking {unknown}
 m - a scroll of enchant armour {unknown}
 r - a scroll of identify
Books
 b - a book of Frost

   Spells                             Type                      Level
   a - Freeze                         Ice                          1
   b - Throw Frost                    Conjuration/Ice              2
   c - Ozocubu's Armour               Charms/Ice                   3
   d - Throw Icicle                   Conjuration/Ice              4
   e - Summon Ice Beast               Ice/Summoning                4

Dungeon Overview and Level Annotations

Branches:
Dungeon (3/15)

Altars:


You were on level 3 of the Dungeon.
You were not hungry.

You visited 1 branch of the dungeon, and saw 3 of its levels.

You collected 105 gold pieces.


Message History

A dart slug is nearby!
Found 14 gold pieces. 3 gnolls come into view.
The frilled lizard hisses angrily.
Found 17 stones.
The gnoll barely misses you.
You see here a whip.
The gnoll hits you with a spear.
Found an onyx ring.
You take 6 damage, and have 24/30 hp.
Aim: a gnoll, wielding a spear You freeze the gnoll.
The gnoll hits you from afar with a halberd.
The gnoll hits you with a spear.
You take 5 damage, and have 19/30 hp.
You now have 8/9 mp.
You are too injured to fight recklessly!
You are too injured to fight recklessly!
You are too injured to fight recklessly!
You are too injured to fight recklessly!
You are too injured to fight recklessly!
The gnoll hits you from afar with a spear!
* * * LOW HITPOINT WARNING * * *
You see here a whip.
You take 12 damage, and have 7/30 hp.
MASSIVE DAMAGE!!
The frilled lizard bites you.
* * * LOW HITPOINT WARNING * * *
The gnoll throws a throwing net.
The throwing net closely misses you.
You take 1 damage, and have 6/30 hp.
There is an open door here.
There's a creature in the doorway!
MP restored: 9
Found 6 gold pieces.
Found a scroll labeled ONTIWUGIFU.
You aren't carrying any items that you can evoke.
Found a murky amethyst potion.
There is a stone staircase leading up here.
The frilled lizard misses you.
You climb upwards.
There is a stone staircase leading down here.
Aim: a frilled lizard You freeze the frilled lizard.
You kill the frilled lizard!
You now have 8/9 mp.
There is a stone staircase leading down here.
You regained 4 hp, and now have 15/30 hp.
MP restored: 9 You start resting.
Health restored: 30 You climb downwards.
There is a stone staircase leading up here.
You see here a ring mail.
The gnoll shouts!
Aim: a gnoll, wielding a spear The puff of frost hits the gnoll.
You now have 7/9 mp.
Aim: a gnoll, wielding a halberd You miscast Throw Frost.
You are very lightly contaminated with residual magic.
Your hands feel numb with cold.
You now have 5/9 mp.
Aim: a gnoll, wielding a halberd The puff of frost hits the gnoll.
* * * LOW MAGIC WARNING * * *
You now have 3/9 mp.
Aim: a gnoll, wielding a halberd (heavily wounded)
The puff of frost hits the gnoll.
* * * LOW MAGIC WARNING * * *
You now have 1/9 mp.
Aim: a gnoll, wielding a halberd (severely wounded)
You miscast Throw Frost.
Frost spreads across the the floor.
* * * LOW MAGIC WARNING * * *
You now have 0/9 mp.
You see here a ring mail.
There is a stone staircase leading up here.
You climb upwards.
There is a stone staircase leading down here.
Your magical contamination has completely faded away.
There is a stone staircase leading down here.
You regained 4 mp, and now have 4/9 mp.
You start resting.
MP restored: 9 You climb downwards.
There is a stone staircase leading up here.
No target in view!
Aim: a gnoll, wielding a halberd The puff of frost misses the gnoll.
You now have 7/9 mp.
Aim: a gnoll, wielding a spear You miscast Freeze.
You are very lightly contaminated with residual magic.
Nothing appears to happen.
The gnoll hits you with a spear!
You take 12 damage, and have 18/30 hp.
MASSIVE DAMAGE!!
You now have 6/9 mp.
Aim: a gnoll, wielding a spear You freeze the gnoll.
The gnoll hits you with a spear.
* * * LOW HITPOINT WARNING * * *
You take 5 damage, and have 13/30 hp.
You now have 5/9 mp.
The gnoll hits you from afar with a spear.
* * * LOW HITPOINT WARNING * * *
You take 5 damage, and have 8/30 hp.
The gnoll hits you from afar with a halberd!
You die...

....##..#..#
.#.##......##..# #.%.#
.####.#g...##..# #...#
#####.#....##..#
#...###
....#.##...##!.# #.....
###.#.#....##..# #...#
#.#......##..# #...#
#.#.#..#.##..###...#
#.#...........@.g<.#
#.###..#.##........##
##...............g...#
#...##.......#####.#.#
#...+...........##.#.#
##.[.#....>...........#
.)).....#..##....##.#.#
#####...............#.#
#..........##.##.#..#g#


You could see 2 gnolls.

Notes
Turn   | Place    | Note
-------+----------+-------------------------------------------
     0 | D:1      | theanonym the Mummy Ice Elementalist began the quest for the Orb.
     0 | D:1      | Reached XP level 1. HP: 13/13 MP: 4/4
   186 | D:1      | HP: 2/13 [dart slug/slug dart (5)]
   188 | D:1      | Reached skill level 3 in Spellcasting
   561 | D:1      | Reached XP level 2. HP: 19/19 MP: 4/6
   565 | D:1      | Learned a level 2 spell: Throw Frost
   940 | D:1      | Reached skill level 1 in Conjurations
  1588 | D:2      | Reached XP level 3. HP: 24/24 MP: 6/8
  1668 | D:2      | Reached skill level 3 in Ice Magic
  2480 | D:3      | Learned a level 3 spell: Ozocubu's Armour
  2515 | D:3      | HP: 11/24 [quokka (4)]
  2523 | D:3      | HP: 9/24 [orc/dagger (3)]
  2783 | D:3      | Reached XP level 4. HP: 20/30 MP: 2/9
  2887 | D:3      | Learned a level 4 spell: Summon Ice Beast
  3063 | D:3      | HP: 7/30 [gnoll/spear (12)]
  3408 | D:3      | HP: 13/30 [gnoll/spear (5)]
  3411 | D:3      | Slain by a gnoll

Vanquished Creatures
  An adder (D:3)
  A worm (D:2)
  4 dart slugs
  2 leopard geckos
  7 orcs (D:3)
  A ball python (D:1)
  2 bats
  A giant cockroach (D:2)
  5 goblins
  5 hobgoblins
  3 jackals (D:1)
  5 kobolds
  2 quokkas (D:2)
  3 frilled lizards
  3 rats
45 creatures vanquished.
